 Dungeon Crawl Stone Soup version 0.21-a0-265-gb353147 (webtiles) character file.

161 roguesci the Ruffian (level 5, 0/44 HPs)
             Began as a Naga Transmuter on Sept 10, 2017.
             Slain by an orc priest
             ... wielding a +0 whip
              (8 damage)
             ... on level 3 of the Dungeon.
             The game lasted 00:08:44 (4501 turns).

roguesci the Ruffian (Naga Transmuter)              Turns: 4501, Time: 00:08:45

Health: 0/44       AC:  2    Str: 12    XL:     5   Next: 42%
Magic:  5/9        EV: 25    Int: 15    God:
Gold:   147        SH:  0    Dex: 16    Spells: 5/9 levels left

rFire    . . .     SeeInvis +     - Unarmed
rCold    . . .     Gourm    .   (shield currently unavailable)
rNeg     . . .     Faith    .   (armour currently unavailable)
rPois    x         Spirit   .   (helmet currently unavailable)
rElec    .         Reflect  .   (cloak currently unavailable)
rCorr    .         Harm     .   (gloves currently unavailable)
MR       .....                  (no barding)
Stlth    ++........             (no amulet)
HPRegen  0.14/turn              g - +5 ring of evasion
MPRegen  0.11/turn              (no ring)

@: spider-form, hasted, very quick
A: see invisible, slow metabolism 1, spit poison 1, AC +1
a: Spit Poison, End Transformation


You were on level 3 of the Dungeon.
You were hungry.
You were a venomous arachnid creature.
You visited 1 branch of the dungeon, and saw 4 of its levels.

You collected 147 gold pieces.

Inventory:

Hand Weapons
 m - a +0 mace of crushing (melded)
 x - a +0 dagger of venom
Missiles
 a - 12 arrows
 e - 78 stones (quivered)
Armour
 n - a +2 animal skin (melded)
 o - a +2 helmet (melded)
 u - a +0 pair of gloves (melded)
Jewellery
 g - a +5 ring of evasion (left front leg)
Scrolls
 b - 2 scrolls of random uselessness {unknown}
 h - 2 scrolls of teleportation {unknown}
 p - 2 scrolls of fog {unknown}
 q - a scroll of remove curse {unknown}
 s - a scroll of identify {unknown}
 v - a scroll of recharging {unknown}
 y - a scroll of enchant armour {unknown}
Potions
 j - a potion of cancellation {unknown}
 k - a potion of curing {unknown}
 l - a potion of might {unknown}
 t - a potion of ambrosia {unknown}
Books
 c - a book of Changes

   Spells                             Type                      Level
   a - Beastly Appendage              Transmutation                1
   b - Sticks to Snakes               Transmutation                2
   c - Spider Form                    Transmutation/Poison         3
   d - Ice Form                       Ice/Transmutation            4
   e - Blade Hands                    Transmutation                5
Comestibles
 d - a bread ration
 f - 2 fruits
 r - 2 royal jellies
 w - 4 chunks of flesh
 z - a meat ration


   Skills:
 + Level 1.6 Fighting
 + Level 1.0 Armour
 * Level 2.4 Dodging
 + Level 2.1 Stealth
 + Level 3.6 Unarmed Combat
 + Level 2.6 Spellcasting
 + Level 2.7 Transmutations
 * Level 1.0 Poison Magic


You had 5 spell levels left.
You knew the following spells:

 Your Spells              Type           Power        Failure   Level  Hunger
a - Beastly Appendage     Tmut           ##....       19%         1    #......
b - Spider Form           Tmut/Pois      #.........   50%         3    ###....


Dungeon Overview and Level Annotations

Branches:
Dungeon (4/15)
 Temple: D:4-7

Altars:
Hepliaklqana
Makhleb


Innate Abilities, Weirdness & Mutations

You cannot wear boots.
((Your serpentine skin is tough. (AC +1)))
You have supernaturally acute eyesight. (SInv)
((Armour fits poorly on your strangely shaped body.))
((Your system is resistant to poisons. (rPois)))
((You cover ground very slowly.))
You have a slow metabolism.
You can spit poison.


Message History

The orc priest barely misses you.
You climb upwards.
There is a stone staircase leading down here.
You see here a +1 hat.
Casting: Spider Form
Confirm with . or Enter, or press ? or * to list all spells.
You turn into a venomous arachnid creature.
Your +0 mace of crushing melds into your body.
Your +2 helmet melds into your body.
Your +0 pair of gloves melds into your body.
Your +2 animal skin melds into your body.
You are feeling hungry.
The orc priest calls down the wrath of Beogh upon you.
Beogh smites you!
* * * LOW HITPOINT WARNING * * *
It was a potion of haste.
You feel yourself speed up.
The orc priest invokes the aid of Beogh against you.
You struggle to resist.
You closely miss the orc priest. The orc priest hits you with a whip!
You die...

#.#..##.##.##.##..#.#.######
#.................#.#.......
###.#.......#.###.#.#.######
#.#.............#.#.##
#.#...............#..#
#######.).)#########..## ##>#
#..(.# #...## #8...8
#...o#########..#.## #.....
#(.[s..........###.# #8....
#.##.#..........#.## ##..
#......#######.#.###
#8...8##..................##
##.....##.#.###..............
8.....8#...# #.######..##.##
#.....####.###.# #..#...#
8...8 #.....# #....... ##_##
###..########.#...#


You could see an orc priest.

Vanquished Creatures
  A hound (D:3)
  Robin (D:2)
  An adder (D:2)
  2 worms
  5 dart slugs
  3 leopard geckos
  2 orcs
  2 giant cockroaches (D:1)
  17 goblins
  11 hobgoblins
  5 jackals
  3 quokkas
  2 ball pythons (D:1)
  9 bats
  3 frilled lizards
  10 kobolds
  6 rats
83 creatures vanquished.

Notes
Turn   | Place    | Note
-------+----------+-------------------------------------------
     0 | D:1      | roguesci the Naga Transmuter began the quest for the Orb.
     0 | D:1      | Reached XP level 1. HP: 18/18 MP: 3/3
   379 | D:1      | Reached XP level 2. HP: 22/25 MP: 5/5
  1104 | D:1      | Reached XP level 3. HP: 21/31 MP: 4/6
  1109 | D:1      | Learned a level 3 spell: Spider Form
  1547 | D:1      | Reached skill level 1 in Stealth
  2046 | D:2      | Noticed Robin
  2388 | D:1      | Reached XP level 4. HP: 38/38 MP: 4/7
  2555 | D:2      | Killed Robin
  3764 | D:3      | Reached XP level 5. HP: 44/44 MP: 8/8
  3900 | D:3      | Reached skill level 1 in Armour
  3960 | D:3      | Found a burning altar of Makhleb.
  4293 | D:3      | Found a hazy altar of Hepliaklqana.
  4489 | D:3      | Reached skill level 1 in Poison Magic
  4501 | D:3      | Slain by an orc priest

Vault maps used:
D:1:      matt_arrival_diagonals
D:2:      uniq_robin
D:3:      lemuel_crystal_altar, nicolae_overflow_hidden_temple
D:4:      corexii_shantytown, lemuel_coloured_pillars_altar, old_standard_altar

Skill      XL: |  1  2  3  4  5 |
---------------+----------------+-----
Stealth        | 1 2 |  2.1
Dodging        | 2 |  2.4
Armour         | 1 |  1.0
Poison Magic   | 1 |  1.0
Fighting       | |  1.6
Unarmed Combat | |  3.6
Spellcasting   | |  2.6
Transmutations | |  2.7

Action                   |  1- 3 |  4- 6 || total
-------------------------+-------+-------++-------
Melee: Unarmed           |   147 |    29 ||   176
       Headbutt          |    12 |       ||    12
       Mace              |       |    68 ||    68
       Dagger            |       |    28 ||    28
       Punch             |       |     1 ||     1
Throw: Stone             |       |     1 ||     1
 Cast: Beastly Appendage |     7 |       ||     7
       Spider Form       |     6 |     5 ||    11
  Use: Potion            |       |     1 ||     1
 Stab: Sleeping          |     1 |     2 ||     3
  Eat: Chunk             |     4 |     6 ||    10
Armor: Robe              |    18 |       ||    18
       Skin              |     4 |     2 ||     6
       Animal skin       |       |    39 ||    39
Dodge: Dodged            |   119 |   119 ||   238

Table legend:
 A = Spawn XP
 B = Non-spawn XP
 C = Spawn XP percentage of total XP
 D = Spawn monster count
 E = Non-spawn monster count
 F = Spawn count percentage of total count
 G = Total turns spent on level
                    A         B        C        D         E        F      G
               +---------+---------+-------+---------+---------+-------+---------
         Total |       0 |     231 |   0.0 |       0 |      83 |   0.0 |  4501
               +---------+---------+-------+---------+---------+-------+---------
           D:1 |       0 |      79 |   0.0 |       0 |      41 |   0.0 |  2490
           D:2 |       0 |      73 |   0.0 |       0 |      24 |   0.0 |  1188
           D:3 |       0 |      76 |   0.0 |       0 |      17 |   0.0 |   804
           D:4 |       0 |       3 |   0.0 |       0 |       1 |   0.0 |    19
               +---------+---------+-------+---------+---------+-------+---------
